Map: [ESL] Glittering Ashes

Players

Probe

  • Race: Protoss Protoss

Astrea - Winner!

  • Race: Protoss Protoss

Event: IEM Katowice 2022

VOD

Have the link to the VOD?

Description

Time

  • Played on: Feb. 23, 2022, 9:42 a.m.
  • Length: 9:55

All games in this series

Show
View Real Time Build Order
Export as new Build Order

Probe Protoss 

Build Orders: Phoenix Opening 

Get SALT Encoding   

  12  0:00  Probe  
  13  0:13  Probe  
  14  0:17  Pylon  
  14  0:25  Probe (Chrono Boost)  
  15  0:37  Probe (Chrono Boost)  
  15  0:38  Gateway  
  16  0:44  Probe (Chrono Boost)  
  16  0:46  Assimilator  
  17  0:51  Probe  
  18  1:01  Assimilator  
  18  1:03  Probe (Chrono Boost)  
  19  1:08  Gateway  
  19  1:13  Probe (Chrono Boost)  
  19  1:18  Probe (Chrono Boost)  
  21  1:26  Cybernetics Core  
  21  1:29  Probe  
  22  1:41  Pylon  
  22  1:42  Probe  
  23  1:59  Probe  
  24  2:05  Stalker x2  
  28  2:09  Warp Gate  
  28  2:11  Probe  
  29  2:18  Pylon  
  29  2:23  Probe  
  30  2:35  Probe  
  30  2:36  Sentry  
  33  2:52  Nexus  
  32  3:07  Probe  
  33  3:17  Phoenix  
  33  3:19  Probe (Chrono Boost)  
  34  3:23  Twilight Council  
  34  3:24  Forge  
  34  3:31  Probe (Chrono Boost)  
  34  3:32  Shield Battery  
  35  3:37  Probe (Chrono Boost)  
  36  3:45  Probe  
  36  3:46  Protoss Ground Weapons Level 1 (Chrono Boost)  
  37  3:56  Nexus  
  37  3:57  Probe  
  38  4:04  Stalker  
  38  4:08  Probe  
  41  4:10  Probe  
  41  4:16  Blink (Chrono Boost)  
  43  4:25  Probe (Chrono Boost)  
  43  4:28  Probe (Chrono Boost)  
  44  4:36  Stalker  
  44  4:37  Probe (Chrono Boost)  
  48  4:38  Probe (Chrono Boost)  
  48  4:39  Sentry  
  48  4:43  Probe (Chrono Boost)  
  48  4:45  Pylon  
  51  4:46  Probe  
  51  4:52  Phoenix  
  52  4:54  Probe  
  52  4:58  Gateway  
  53  5:00  Gateway, Assimilator  
  53  5:06  Robotics Facility  
  53  5:09  Probe x2  
  53  5:13  Stalker  
  57  5:15  Stalker  
  57  5:17  Probe  
  60  5:24  Gateway  
  60  5:28  Gateway  
  60  5:31  Pylon  
  60  5:32  Probe  
  60  5:35  Probe  
  62  5:36  Probe  
  62  5:39  Stalker  
  65  5:44  Probe (Chrono Boost)  
  67  5:50  Probe (Chrono Boost)  
  67  5:51  Probe (Chrono Boost)  
  67  5:54  Protoss Ground Weapons Level 2 (Chrono Boost)  
  67  5:55  Shield Battery, Observer  
  67  5:56  Shield Battery, Probe (Chrono Boost)  
  70  5:59  Probe (Chrono Boost)  
  70  6:02  Probe (Chrono Boost)  
  70  6:03  Probe (Chrono Boost)  
  72  6:09  Stalker x2  
  77  6:12  Stalker  
  77  6:16  Observer  
  78  6:23  Stalker  
  78  6:24  Probe  
  77  6:28  Probe  
  77  6:29  Probe  
  77  6:32  Stalker  
  77  6:33  Stalker  
  77  6:36  Stalker, Probe  
  81  6:42  Probe (Chrono Boost)  
  81  6:43  Probe (Chrono Boost)  
  82  6:49  Probe (Chrono Boost)  
  82  6:53  Stalker  
  84  6:54  Charge (Chrono Boost)  
  84  6:58  Pylon, Probe x3 (Chrono Boost)  
  85  7:01  Pylon  
  85  7:02  Pylon  
  85  7:07  Pylon  
  85  7:14  Pylon  
  88  7:24  Gateway  
  88  7:25  Gateway  
  88  7:26  Zealot x4  
  88  7:27  Gateway  
  88  7:28  Shield Battery  
  93  7:30  Photon Cannon, Shield Battery  
  93  7:35  Gateway  
  93  7:40  Templar Archives  
  93  7:48  Stalker x3  
  93  7:49  Shield Battery, Observer  
  99  7:53  Pylon, Probe  
  92  7:59  Probe x2  
  94  8:05  Probe  
  94  8:08  Zealot  
  96  8:20  Stalker x3  
  96  8:26  Nexus  
  99  8:34  Stalker x4  
  107  8:41  Zealot x2  
  107  8:43  Probe  
  110  8:52  Stalker x4  
  110  8:55  Assimilator  
  118  8:56  Probe  
  119  9:08  Stalker x4  
  111  9:11  Probe  
  111  9:14  Probe  
  111  9:16  Zealot  
  101  9:17  Zealot x2  
  101  9:21  Zealot  
  97  9:26  Zealot x2  
  93  9:33  Stalker x3  
  93  9:36  Zealot  
  88  9:41  Zealot x2  
  84  9:47  Zealot x2  
Show
View Real Time Build Order
Export as new Build Order

Astrea Protoss - Winner!

Build Orders: Oracle Opening, Blink Stalkers 

Get SALT Encoding   

  12  0:00  Probe  
  13  0:12  Probe  
  14  0:18  Pylon  
  14  0:24  Probe (Chrono Boost)  
  15  0:36  Probe (Chrono Boost)  
  15  0:41  Gateway  
  16  0:45  Probe (Chrono Boost)  
  16  0:46  Assimilator  
  17  0:51  Probe  
  18  1:00  Assimilator  
  18  1:03  Probe (Chrono Boost)  
  19  1:07  Pylon  
  19  1:13  Probe (Chrono Boost)  
  19  1:18  Probe (Chrono Boost)  
  21  1:28  Cybernetics Core  
  21  1:29  Probe  
  21  1:31  Zealot  
  24  1:41  Probe  
  25  1:53  Probe  
  26  2:03  Nexus  
  26  2:12  Stargate  
  27  2:15  Probe  
  27  2:23  Stalker  
  27  2:27  Probe  
  30  2:34  Shield Battery  
  30  2:40  Pylon  
  30  2:42  Warp Gate  
  30  2:45  Probe  
  31  2:55  Oracle (Chrono Boost)  
  31  2:58  Probe  
  35  3:10  Probe  
  36  3:14  Twilight Council  
  36  3:15  Probe  
  37  3:23  Probe (Chrono Boost)  
  37  3:28  Probe (Chrono Boost)  
  37  3:30  Stalker  
  40  3:35  Probe (Chrono Boost)  
  40  3:39  Probe (Chrono Boost)  
  42  3:42  Probe (Chrono Boost)  
  42  3:44  Probe (Chrono Boost)  
  42  3:46  Blink (Chrono Boost)  
  44  3:50  Probe  
  44  3:54  Probe  
  46  4:00  Gateway  
  46  4:02  Probe  
  47  4:06  Probe  
  48  4:11  Gateway  
  48  4:14  Probe  
  48  4:16  Forge  
  49  4:26  Nexus  
  49  4:29  Pylon  
  49  4:33  Probe x2  
  49  4:36  Stalker  
  53  4:44  Protoss Ground Weapons Level 1  
  53  4:45  Probe  
  54  4:47  Probe  
  55  4:57  Probe  
  56  5:00  Shield Battery  
  56  5:01  Stalker  
  56  5:02  Photon Cannon, Assimilator  
  56  5:03  Stalker  
  61  5:10  Pylon, Stalker  
  62  5:17  Robotics Facility  
  62  5:28  Probe x2  
  64  5:29  Stalker x2  
  68  5:40  Probe x2  
  68  5:42  Stalker  
  72  5:43  Probe  
  72  5:45  Charge (Chrono Boost)  
  72  5:47  Pylon  
  73  5:52  Probe x2  
  73  5:54  Adept x2  
  73  5:55  Probe  
  80  6:04  Probe x2  
  80  6:05  Observer (Chrono Boost)  
  80  6:09  Probe  
  80  6:10  Gateway x2  
  84  6:12  Gateway  
  84  6:16  Probe x2  
  86  6:22  Probe  
  87  6:25  Stalker x3  
  87  6:29  Probe  
  92  6:36  Gateway  
  92  6:37  Pylon  
  92  6:39  Pylon  
  92  6:42  Warp Prism  
  92  6:43  Gateway  
  92  6:50  Protoss Ground Weapons Level 2 (Chrono Boost)  
  92  6:57  Stalker x3  
  96  7:06  Pylon  
  96  7:09  Stalker x2, Nexus  
  96  7:14  Stalker  
  100  7:18  Assimilator  
  100  7:19  Pylon  
  100  7:24  Observer x2 (Chrono Boost)  
  100  7:28  Stalker  
  100  7:29  Zealot x2  
  107  7:32  Pylon  
  107  7:39  Stalker x2, Zealot x3  
  117  7:47  Pylon  
  117  7:50  Probe  
  116  7:55  Stalker x3  
  119  7:58  Probe x2  
  119  7:59  Photon Cannon, Shield Battery  
  119  8:02  Probe  
  119  8:05  Stalker x2  
  123  8:08  Stalker, Zealot  
  123  8:10  Zealot  
  129  8:21  Zealot x3  
  129  8:24  Probe x4  
  129  8:25  Pylon  
  139  8:32  Observer  
  137  8:35  Stalker x4  
  137  8:36  Zealot  
  137  8:37  Probe  
  140  8:42  Probe x2  
  140  8:43  Probe  
  140  8:48  Zealot x3  
  145  8:49  Probe  
  145  8:54  Probe  
  143  9:00  Stalker x2  
  143  9:01  Stalker x2  
  143  9:02  Probe  
  148  9:06  Probe  
  148  9:07  Probe  
  148  9:09  Zealot x3  
  146  9:10  Probe  
  146  9:14  Probe  
  140  9:19  Stalker  
  140  9:24  Zealot x4  
  128  9:32  Zealot x3  
  128  9:45  Assimilator  
  122  9:46  Stalker x5  
  122  9:47  Assimilator  

Tags
 
Add a new tag
Caveats
  • Supply blocks, unpowered buildings, or Contaminate may cause inaccurate times.
  • Supply counts are checked every 10 seconds.